 Dungeon Crawl Stone Soup version 0.30-b1-2-g02819fbbbe (webtiles) character file.

Game seed: 15275520964059399736

243594 Gartch the Executioner (level 18, -7/244 HPs)
             Began as a Minotaur Berserker on Nov 24, 2023.
             Was a High Priest of Trog.
             Mangled by a large abomination (24 damage)
             ... on level 3 of the Abyss on Nov 29, 2023.
             The game lasted 05:06:50 (50573 turns).

Gartch the Executioner (Minotaur Berserker)        Turns: 50573, Time: 05:06:51

Health: -7/244     AC: 24    Str: 30      XL:     18   Next: 71%
Magic:  14/17      EV: 14    Int:  1 (2)  God:    Trog [*****.]
Gold:   4270       SH:  0    Dex: 11 (12) Spells: 17/17 levels left

rFire   + + .        a - +8 broad axe of Inference {flame, rN+ Dex+4 Stlth+}
rCold   x . .        (no shield)
rNeg    + + +        y - +0 plate armour
rPois   +            w - +1 hat
rElec   .            h - scarf {rC+ rF+}
rCorr   .            z - +1 pair of gloves
SInv    +            U - +0 pair of boots
Will    ++++.        N - amulet "Dyeduzes" {rN++ Regen+ Str+4} Stlth
                     g - ring of Circularity {rC+ Will+ Dex+3}
HPRegen 1.00/turn    t - ring "Ilecady" {rPois rF+ Dex-3 SInv}
MPRegen 0.15/turn

%: random rage (3%)
@: berserking, strong-willed, sick, regenerating, slowed, lost intelligence,
studying 2 skills, unable to read, unable to drink
A: horns 2, retaliatory headbutt, dopey 1, [berserk 1], [clumsy 2],
deterioration 1[+1], [frail 1], [screaming 1], [weak 1], cold vulnerability
1[+2], [inability to read after injury 2]
}: 2/15 runes: serpentine, barnacled
a: Renounce Religion, Berserk, Trog's Hand, Brothers in Arms


You were on level 3 of the Abyss.
You worshipped Trog.
Trog was extremely pleased with you.
You visited 6 branches of the dungeon, and saw 31 of its levels.
You visited the Abyss 2 times.
You also visited: Gauntlet and Ice Cave.

You collected 4594 gold pieces.
You spent 324 gold pieces at shops.

Inventory:

Hand Weapons
 a - the +8 broad axe of Inference (weapon) {flame, rN+ Dex+4 Stlth+}
   (You found it on level 3 of the Snake Pit)

   Dex:       It affects your dexterity (+4).
   rN:        It protects you from negative energy.
   Stlth:     It makes you more stealthy.
 b - a +3 shortbow of flaming
 k - a +2 antimagic battleaxe
Missiles
 x - 9 atropa-tipped darts
 B - a throwing net (quivered)
Armour
 h - a scarf of resistance (worn)
 w - a +1 hat (worn)
 y - a +0 plate armour (worn)
 z - a +1 pair of gloves (worn)
 U - a +0 pair of boots (worn)
Jewellery
 g - the ring of Circularity (left hand) {rC+ Will+ Dex+3}
   (You acquired it on level 2 of the Orcish Mines)

   [ring of willpower]

   Dex:       It affects your dexterity (+3).
   rC:        It protects you from cold.
   Will:      It increases your willpower.
 t - the ring "Ilecady" (right hand) {rPois rF+ Dex-3 SInv}
   (You found it in an ice cave)

   [ring of poison resistance]

   Dex:       It affects your dexterity (-3).
   rF:        It protects you from fire.
   rPois:     It protects you from poison.
   SInv:      It lets you see invisible.
 u - a ring of resist corrosion
 N - the amulet "Dyeduzes" (around neck) {rN++ Regen+ Str+4}
   (You found it on level 4 of the Shoals)

   [amulet of regeneration]

   Str:       It affects your strength (+4).
   rN:        It greatly protects you from negative energy.
   Regen:     It increases your rate of health regeneration.
 P - a ring of protection from fire
Wands
 H - a wand of polymorph (19)
 K - a wand of paralysis (32)
 M - a wand of flame (69)
 R - a wand of iceblast (28)
 S - a wand of digging (11)
 V - a wand of mindburst (11)
 X - a wand of quicksilver (7)
Scrolls
 c - 6 scrolls of identify
 l - 2 scrolls of summoning
 m - 2 scrolls of silence
 n - 4 scrolls of teleportation
 o - 2 scrolls of enchant armour
 p - 12 scrolls of fog
 C - 2 scrolls of magic mapping
 I - a scroll of poison
 J - 4 scrolls of fear
 O - 9 scrolls of blinking
 Y - 2 scrolls of torment
Potions
 e - 20 potions of curing
 j - 4 potions of heal wounds
 q - 6 potions of attraction
 r - 2 potions of cancellation
 s - 4 potions of might
 v - 5 potions of lignification
 A - 5 potions of resistance
 D - 4 potions of invisibility
 F - 9 potions of flight
 G - 3 potions of ambrosia
 T - 4 potions of haste
Miscellaneous
 d - a box of beasts (inert)
 f - a phial of floods
 W - a lightning rod (4/4)


   Skills:
 + Level 21.2 Fighting
 + Level 22.6 Axes
 - Level 3.0 Ranged Weapons
 + Level 19.2 Armour
 + Level 17.9 Dodging
 + Level 11.8 Evocations


You had 17 spell levels left.
You didn't know any spells.
Your spell library contained the following spells:

 Spells                   Type           Power      Damage    Failure   Level
 Sublimation of Blood     Necr           0%         N/A       99%         2
 Wereblood                Tmut           0%         N/A       99%         2
 Summon Hydra             Summ           0%         N/A       100%        7


Dungeon Overview and Level Annotations

Branches:
Dungeon (15/15)            Temple (0/1) D:5            Lair (5/5) D:10
 Shoals (4/4) Lair:3        Snake (4/4) Lair:2        Slime (0/5) Lair:5
    Orc (2/2) D:12            Elf (1/3) Orc:2        Vaults (0/5) D:13
 Depths (0/4) D:15          IceCv (visited)         Gauntlet (visited)

Altars:
Cheibriados
Fedhas
Nemelex Xobeh
Ru
Trog
Xom
Yredelemnul
Zin
Jiyva

Shops:
D:7 ((:=   D:8 [   Orc:2 *:(?   Shoals:2 !

Annotations:
D:6 2 runed translucent doors
D:7 2 transporters, diceflayer's ghost, novice DsGl
Lair:5 exclusion: oklob plant
Snake:3 1 runed translucent door, Esuusch's ghost, adept DsTm


Innate Abilities, Weirdness & Mutations

You have a pair of horns on your head.
You reflexively headbutt those who attack you in melee.
You are dopey. (Int -2)
[You sometimes lose your temper in combat.]
[You are very clumsy. (Dex -4)]
[Your body often deteriorates upon taking damage.]
[You are frail. (-10% HP)]
[You occasionally shout uncontrollably at your foes.]
[You are weak. (Str -2)]
[You are extremely vulnerable to cold. (rC---)]
[You sometimes lose the ability to read scrolls when taking damage.]


Message History

The large abomination hits you but does no damage.
The raiju bites you but does no damage. The hellwing hits you!
* * * LOW HITPOINT WARNING * * *
The hellwing hits you.
* * * LOW HITPOINT WARNING * * *
The raiju bites you!
* * * LOW HITPOINT WARNING * * *
The raiju shocks you!
* * * LOW HITPOINT WARNING * * *
The large abomination barely misses you.
You furiously retaliate!
You headbutt the large abomination! The hellwing completely misses you.
You furiously retaliate!
You headbutt the hellwing!! The hellwing closely misses you.
You chop the hellwing into pieces!!! You burn the hellwing.
You kill the hellwing!
Trog accepts your kill.
You barely miss the large abomination. You slash the raiju! You burn the raiju.
You barely miss the raiju.
The large abomination hits you but does no damage.
You slice the raiju!! You burn the raiju!
The raiju is almost dead.
You hit the large abomination. You burn the large abomination.
You slice the tentacled starspawn!! You burn the tentacled starspawn.
The raiju bites you but does no damage.
You chop the raiju into pieces!!! You burn the raiju.
You kill the raiju!
Trog accepts your kill.
You slash the large abomination! You burn the large abomination.
You slice the tentacled starspawn!! You burn the tentacled starspawn.
The large abomination barely misses you.
You furiously retaliate!
You headbutt the large abomination. You barely miss the large abomination.
The large abomination is severely damaged.
You completely miss the tentacled starspawn.
The tentacled starspawn bites you!!
You feel threatened and lose the ability to read scrolls!
* * * LOW HITPOINT WARNING * * *
The tentacled starspawn closely misses you.
The large abomination hits you!!
You die...

#....#.# . ... ..
..# # .##. # . #.
# .#.#..#.. . #.
.# ###..##..##.#.#
...##. .....# #.
h#..# #....###.
.#.#..# #.#.
##......#..##...
## #.
#.....#.....#X.
#..#. #.†@X#§### #
..#. .#
#....#Xh..#. #.
.### #..#..##h.##
.# # . #.h
#..#..≈X.)†...#...
..# . .
#...wh.....#
##...##.
.....w......#..
###. .....#.
....######. #.
##.......#...... .
. ##........#....
..h.


You could see a tentacled starspawn, a large abomination and 2 raiju.

Vanquished Creatures
  Jorgrun (Elf:1)
  Kirke (D:12)
  Donald (Elf:1)
  8 nagarajas
  A deep elf elementalist (Abyss:3)
  A deep elf annihilator (Elf:1)
  A minotaur (Gauntlet)
  2 merfolk impalers
  3 merfolk javelineers
  3 vault guards (D:13)
  Josephine (D:14)
  3 salamander tyrants (Snake:3)
  5 hydras
  4 catoblepae
  An ice dragon (IceCv)
  7 centaur warriors
  4 merfolk aquamancers
  4 merfolk avatars
  13 anacondas
  3 ogre magi
  Erica (D:8)
  A death knight (D:13)
  4 boulder beetles
  4 satyrs
  12 two-headed ogres
  A death yak (Lair:5)
  Urug (Lair:4)
  13 naga sharpshooters
  An alligator snapping turtle (Shoals:1)
  21 naga warriors
  2 orc high priests
  5 shock serpents
  3 salamander mystics
  2 wretched stars (Abyss:3)
  A skeletal warrior (D:13)
  3 skysharks
  2 deep elf knights (Elf:1)
  A goliath frog (Lair:4)
  14 sea snakes
  2 deep trolls (Orc:2)
  2 swamp dragons (Lair:4)
  A phantasmal warrior (D:13)
  Pikel (D:5)
  2 orc knights
  11 naga ritualists
  A necromancer (D:15)
  A wolf spider zombie (D:15)
  7 mana vipers
  4 deep elf zephyrmancers
  20 harpies
  7 deep elf pyromancers
  8 ugly things
  2 orc sorcerers
  11 cyclopes
  14 fauns
  11 manticores
  15 salamanders
  11 elephants
  2 ice statues (IceCv)
  6 merfolk sirens
  7 guardian serpents
  Joseph (D:8)
  29 naga magi
  6 water nymphs
  A centaur zombie (D:15)
  39 black mambas
  7 cane toads
  An unseen horror (D:12)
  2 centaur skeletons (D:15)
  11 rime drakes
  2 kobold demonologists (D:11)
  A minotaur zombie (Gauntlet)
  An efreet (Gauntlet)
  A freezing wraith (D:13)
  An ice devil (Gauntlet)
  4 komodo dragons
  14 trolls
  24 merfolk
  5 polar bears
  9 wind drakes
  2 hornets (Lair:5)
  A hellwing (Abyss:3)
  9 blink frogs
  13 dream sheep
  2 raiju (Abyss:3)
  12 snapping turtles
  An air elemental (Elf:1)
  7 shadows
  12 slime creatures
  11 water elementals
  31 yaks
  9 spriggans (Lair:5)
  2 vampires
  10 wraiths
  2 wyverns
  A fire elemental (Gauntlet)
  3 hogs (D:12)
  7 basilisks
  Grum (D:8)
  Menkaure (D:6)
  2 redbacks (D:14)
  9 vampire mosquitoes
  2 wargs (Orc:2)
  49 nagas
  5 swamp worms
  7 water moccasins
  3 acid dragons
  2 swamp drakes (Lair:4)
  3 hell hounds (Gauntlet)
  2 sky beasts
  5 black bears
  3 ice beasts
  19 orc warriors
  29 ogres
  4 boggarts
  25 wolves
  8 centaurs
  3 phantoms
  9 kobold brigands
  An earth elemental (Elf:1)
  4 gnoll sergeants (D:9)
  9 bullfrogs
  7 scorpions
  8 wights (D:8)
  7 killer bees
  5 lindwurm simulacra (IceCv)
  3 electric eels
  9 howler monkeys
  5 komodo dragon simulacra (IceCv)
  3 jellies
  2 hounds
  17 orc priests
  3 gnoll boudas
  6 sleepcaps
  Jessica (D:2)
  Natasha (twice) (D:3)
  4 iguanas
  18 orc wizards
  5 hell rats
  A boggart simulacrum (D:15)
  24 gnolls
  5 acid dragon simulacra (IceCv)
  7 adders
  A shadow imp (D:7)
  3 white imps
  6 steam dragon simulacra (IceCv)
  3 ufetubi
  A dart slug (D:1)
  67 orcs
  3 ball pythons
  4 endoplasms
  3 giant cockroaches
  15 goblins
  11 hobgoblins
  12 kobolds
  5 quokkas
  2 bats
  4 frilled lizards
  2 rats
  A spectral weapon (D:8)
  A starspawn tentacle (Abyss:3)
1090 creatures vanquished.

Vanquished Creatures (collateral kills)
  2 merfolk impalers (Shoals:4)
  A merfolk javelineer (Shoals:4)
  A catoblepas (Lair:1)
  A sea snake (Shoals:4)
  A manticore (Shoals:4)
  2 merfolk sirens (Shoals:4)
  An ancient zyme (Abyss:3)
  A merfolk (Shoals:4)
  A wind drake (Shoals:4)
  3 raiju (Abyss:3)
  A water elemental (Shoals:4)
  A small abomination (Abyss:3)
16 creatures vanquished.

Vanquished Creatures (others)
  A merfolk aquamancer (Shoals:4)
  A deep elf pyromancer (Elf:1)
  2 orc wizards
  An orc (Orc:2)
  2 demonic plants (Abyss:3)
  29 fungi
  140 plants
  11 starspawn tentacles (Abyss:3)
  18 withered plants (Gauntlet)
205 creatures vanquished.

Grand Total: 1311 creatures vanquished

Notes
Turn   | Place    | Note
-------+----------+-------------------------------------------
     0 | D:1      | Gartch the Minotaur Berserker began the quest for the Orb.
     0 | D:1      | Reached XP level 1. HP: 19/19 MP: 0/0
     0 | D:1      | Noticed a red draconian
     1 | D:1      | Noticed a tentacled monstrosity
     3 | D:1      | Noticed an iron dragon
     3 | D:1      | Noticed a large abomination
     6 | D:1      | Noticed a large abomination
    14 | D:1      | Noticed a tentacled monstrosity
    14 | D:1      | Noticed a large abomination
    16 | D:1      | Noticed an ice dragon
    16 | D:1      | Noticed an ice dragon
    18 | D:1      | Noticed a tentacled monstrosity
    20 | D:1      | Noticed a large abomination
   233 | D:1      | Reached XP level 2. HP: 26/27 MP: 1/1
   397 | D:1      | Reached skill level 4 in Axes
   446 | D:1      | Found a faded altar of an unknown god.
   840 | D:2      | Reached XP level 3. HP: 24/33 MP: 2/2
  1070 | D:2      | Reached ** piety under Trog
  1420 | D:2      | Noticed Jessica
  1443 | D:2      | Killed Jessica
  1444 | D:2      | Reached XP level 4. HP: 21/41 MP: 3/3
  2247 | D:3      | Reached XP level 5. HP: 47/47 MP: 4/4
  2531 | D:3      | Noticed Natasha
  2536 | D:3      | Killed Natasha
  2537 | D:3      | Reached skill level 5 in Fighting
  2537 | D:3      | Reached skill level 5 in Axes
  2632 | D:3      | Noticed Natasha
  2639 | D:3      | Killed Natasha
  2708 | D:4      | Reached XP level 6. HP: 56/56 MP: 5/5
  3656 | D:5      | Entered Level 5 of the Dungeon
  3835 | D:5      | Noticed a sky beast
  3923 | D:5      | Killed a sky beast
  3924 | D:5      | Reached skill level 6 in Axes
  3924 | D:5      | Reached XP level 7. HP: 62/62 MP: 6/6
  4022 | D:5      | Found a staircase to the Ecumenical Temple.
  4167 | D:5      | Found a glowing silver altar of Zin.
  4207 | D:5      | Reached skill level 5 in Armour
  4207 | D:5      | Reached skill level 5 in Dodging
  4223 | D:4      | Reached *** piety under Trog
  4409 | D:5      | Noticed Pikel
  4452 | D:5      | Killed Pikel
  4453 | D:5      | Reached skill level 7 in Axes
  4453 | D:5      | Reached XP level 8. HP: 73/73 MP: 7/7
  4640 | Abyss:1  | Cast into level 1 of the Abyss (orc priest)
  4686 | D:5      | Escaped the Abyss
  5515 | D:6      | Found a large runed translucent door.
  5516 | D:6      | Found a large runed translucent door.
  5521 | D:6      | Noticed Menkaure
  5525 | D:6      | Killed Menkaure
  5644 | D:6      | Found a large runed translucent door.
  5644 | D:6      | Found a large runed translucent door.
  5649 | D:6      | Reached skill level 8 in Axes
  5657 | D:6      | Reached XP level 9. HP: 81/81 MP: 8/8
  5667 | D:6      | Noticed a two-headed ogre
  6187 | D:6      | Noticed a two-headed ogre
  6775 | D:7      | Found a transporter.
  6776 | D:7      | Noticed diceflayer's ghost (novice DsGl)
  6781 | D:7      | Found a transporter.
  6839 | D:7      | Reached skill level 9 in Axes
  6843 | D:7      | Found Nosasaylol's Weapon Emporium.
  6866 | D:7      | Found Qeex's Antique Weapon Shoppe.
  6956 | D:7      | HP: 4/83 [slime creature (7)]
  7375 | D:7      | Found Vuwiv's Book Emporium.
  7390 | D:7      | Found Lyinwi's Jewellery Shop.
  7394 | D:7      | Identified the ring of Vehumet's Supremacy {rPois rCorr
                  | MP+9 Stlth+}
  7553 | D:7      | Reached **** piety under Trog
  7630 | D:7      | Reached XP level 10. HP: 72/91 MP: 9/9
  8278 | D:7      | Found a bloodstained altar of Trog.
  8278 | D:7      | Found a shimmering altar of Xom.
  8425 | D:8      | Noticed Joseph
  8453 | D:8      | Noticed Erica
  8723 | D:8      | Killed Joseph
  8724 | D:8      | Reached skill level 10 in Fighting
  8724 | D:8      | Reached skill level 10 in Axes
  9065 | D:8      | Found Xicerr's Antique Armour Emporium.
  9291 | D:8      | Noticed Grum
  9310 | D:8      | Killed Erica
  9311 | D:8      | Reached skill level 10 in Armour
  9313 | D:8      | Killed Grum
 10259 | D:9      | Reached XP level 11. HP: 88/101 MP: 10/10
 10428 | D:9      | Reached skill level 11 in Axes
 10760 | D:9      | Found a basalt altar of Yredelemnul.
 10764 | D:9      | Found a sparkling altar of Nemelex Xobeh.
 11554 | D:10     | Entered Level 10 of the Dungeon
 11850 | D:10     | Reached skill level 10 in Dodging
 11945 | D:10     | Found a staircase to the Lair.
 12083 | Lair:1   | Entered Level 1 of the Lair of Beasts
 12191 | Lair:1   | Noticed a catoblepas
 12215 | Lair:1   | Killed a catoblepas
 12539 | Lair:1   | Found a snail-covered altar of Cheibriados.
 13117 | Lair:2   | Found a staircase to the Snake Pit.
 13956 | Lair:2   | Reached skill level 12 in Axes
 14243 | Lair:2   | Noticed a boulder beetle
 14256 | Lair:2   | Killed a boulder beetle
 14634 | Lair:3   | Reached XP level 12. HP: 79/113 MP: 11/11
 14804 | Lair:3   | Noticed a boulder beetle
 15534 | Lair:3   | Reached skill level 13 in Axes
 15852 | Lair:3   | Found a staircase to the Shoals.
 15916 | Lair:3   | Killed a boulder beetle
 16407 | Lair:4   | Noticed a five-headed hydra
 16511 | Lair:4   | Reached skill level 1 in Evocations
 16782 | Lair:4   | Noticed a five-headed hydra
 16820 | Lair:4   | Noticed a five-headed hydra
 17626 | D:10     | Reached XP level 13. HP: 122/123 MP: 12/12
 18813 | D:11     | Identified the +2 scale mail "Guchocell" {rN+}
 19241 | D:11     | Found a blossoming altar of Fedhas.
 19649 | D:11     | Reached skill level 14 in Axes
 20038 | D:12     | Noticed Kirke
 20314 | D:12     | Found a staircase to the Orcish Mines.
 22290 | Lair:4   | Noticed Urug
 22308 | Lair:4   | Killed Urug
 23344 | Lair:5   | Entered Level 5 of the Lair of Beasts
 24540 | Lair:5   | Reached skill level 5 in Evocations
 24628 | Lair:5   | Reached XP level 14. HP: 133/133 MP: 13/13
 24689 | Lair:5   | Reached ***** piety under Trog
 25288 | Lair:5   | Found a staircase to the Slime Pits.
 25289 | Lair:5   | Found a viscous altar of Jiyva.
 25532 | D:12     | Killed Kirke
 25533 | D:12     | Reached skill level 15 in Axes
 25587 | Orc:1    | Entered Level 1 of the Orcish Mines
 25749 | Orc:1    | Reached skill level 15 in Fighting
 26257 | Orc:2    | Entered Level 2 of the Orcish Mines
 26279 | Orc:2    | Found a staircase to the Elven Halls.
 26873 | Orc:2    | Found Qaeroul's Antique Weapon Emporium.
 26982 | Orc:2    | Received a gift from Trog
 27840 | Orc:2    | Reached skill level 15 in Armour
 28455 | Orc:2    | Found Voussevo's Magic Scroll Emporium.
 28456 | Orc:2    | Found Juphem's Book Shop.
 28463 | Orc:2    | Bought a scroll of torment for 104 gold pieces
 28463 | Orc:2    | Bought a scroll of teleportation for 33 gold pieces
 28463 | Orc:2    | Bought a scroll of enchant weapon for 82 gold pieces
 28464 | Orc:2    | Bought a scroll of identify for 22 gold pieces
 28464 | Orc:2    | Bought a scroll of identify for 22 gold pieces
 28464 | Orc:2    | Bought a scroll of identify for 22 gold pieces
 28466 | Orc:2    | Identified 3 scrolls of acquirement
 28466 | Orc:2    | Acquired the scarf of the Harvest Moon {shadows, +Blink}
 28468 | Orc:2    | Acquired the ring of Circularity {rC+ Will+ Dex+3}
 28476 | Orc:2    | Acquired a manual of Axes
 28482 | Orc:2    | Found Qejupn's Assorted Antiques.
 28490 | Orc:2    | Bought a scroll labelled TAG BEORAMN for 39 gold pieces
 29180 | D:13     | Found a frozen archway.
 29196 | IceCv    | Entered an ice cave
 29816 | IceCv    | Reached skill level 16 in Axes
 29988 | IceCv    | Identified the ring "Ilecady" {rPois rF+ Dex-3 SInv}
 30412 | D:13     | Found a gate to the Vaults.
 30670 | D:13     | Reached XP level 15. HP: 135/143 MP: 14/14
 31384 | D:14     | Found a sacrificial altar of Ru.
 31579 | D:14     | Found a gate leading to a gauntlet.
 31587 | Gauntlet | Entered a Gauntlet
 31587 | Gauntlet | Found a transporter.
 31587 | Gauntlet | Found a transporter.
 31634 | Gauntlet | Found a transporter.
 31634 | Gauntlet | Found a transporter.
 31637 | Gauntlet | Found a transporter.
 31647 | Gauntlet | Found a transporter.
 31651 | Gauntlet | Found a transporter.
 31651 | Gauntlet | Found a transporter.
 31652 | Gauntlet | Found a transporter.
 31669 | Gauntlet | Found a transporter.
 31683 | Gauntlet | Found a transporter.
 31688 | Gauntlet | Found a transporter.
 31923 | Gauntlet | Identified the ring "Diesoc" {Drain Will+ Str+6 Dex+2
                  | Slay+2}
 32354 | D:14     | Reached skill level 17 in Axes
 32637 | D:14     | Noticed Josephine
 32645 | D:14     | Killed Josephine
 33210 | D:15     | Entered Level 15 of the Dungeon
 34050 | D:15     | Reached skill level 15 in Dodging
 34658 | D:15     | Identified the +4 battleaxe "Wata Gid" {flame, Str+6} (Trog
                  | gifted it to you on level 15 of the Dungeon)
 34658 | D:15     | Received a gift from Trog
 34699 | D:15     | Found a staircase to the Depths.
 34876 | Snake:1  | Entered Level 1 of the Snake Pit
 36072 | Snake:1  | Reached skill level 18 in Axes
 36582 | Snake:1  | Reached XP level 16. HP: 150/154 MP: 15/15
 37218 | Snake:2  | Identified the +0 ring mail "Tyvot" {Str+3}
 37479 | Snake:2  | Received a gift from Trog
 37631 | Snake:2  | Found a blossoming altar of Fedhas.
 38021 | Snake:2  | Identified the +10 hand crossbow of Lies {freeze, rCorr}
 38411 | Snake:3  | Reached skill level 19 in Axes
 38879 | Snake:3  | Found a runed translucent door.
 38879 | Snake:3  | Noticed Esuusch's ghost (adept DsTm)
 39762 | Snake:3  | Identified the +8 broad axe of Inference {flame, rN+ Dex+4
                  | Stlth+}
 39775 | Snake:3  | Identified the staff of air "Imatiox" {rElec Dex+5}
 39883 | Snake:3  | Received a gift from Trog
 40282 | Snake:4  | Entered Level 4 of the Snake Pit
 40293 | Snake:4  | Identified the amulet "Xeiclyam" {RegenMP Rampage Fragile
                  | rC+ Int+3}
 40573 | Snake:4  | Reached skill level 20 in Axes
 40905 | Snake:4  | Reached XP level 17. HP: 146/165 MP: 16/16
 41180 | Snake:4  | Reached skill level 10 in Evocations
 41825 | Snake:4  | Reached ****** piety under Trog
 43038 | Snake:4  | Got a serpentine rune of Zot
 43513 | Shoals:1 | Entered Level 1 of the Shoals
 43801 | Shoals:1 | Received a gift from Trog
 43802 | Shoals:1 | Reached skill level 21 in Axes
 45148 | Shoals:2 | Found Jounotsae's Distillery.
 46345 | Shoals:3 | Received a gift from Trog
 46751 | Shoals:3 | Reached XP level 18. HP: 178/178 MP: 17/17
 47632 | Shoals:4 | Entered Level 4 of the Shoals
 48381 | Shoals:4 | Reached skill level 1 in Ranged Weapons
 48537 | Shoals:4 | Reached skill level 22 in Axes
 49197 | Shoals:4 | Identified the amulet "Dyeduzes" {rN++ Regen+ Str+4}
 49270 | Shoals:4 | Received a gift from Trog
 49372 | Shoals:4 | Got a barnacled rune of Zot
 49962 | Elf:1    | Entered Level 1 of the Elven Halls
 50086 | Elf:1    | Noticed Donald
 50109 | Elf:1    | Killed Donald
 50112 | Elf:1    | Noticed Jorgrun
 50132 | Elf:1    | Killed Jorgrun
 50336 | Abyss:3  | Cast into level 3 of the Abyss (a deep elf demonologist)
 50408 | Abyss:3  | Found a corrupted altar of Lugonu.
 50415 | Abyss:3  | Found a corrupted altar of Lugonu.
 50417 | Abyss:3  | Gained mutation: [Your body sometimes deteriorates upon
                  | taking damage.] [a neqoxec]
 50418 | Abyss:3  | Gained mutation: [You are vulnerable to cold. (rC-)] [a
                  | neqoxec]
 50438 | Abyss:3  | Noticed an ancient lich
 50444 | Abyss:3  | Gained mutation: You are dopey. (Int -2) [a neqoxec]
 50494 | Abyss:3  | Lost intelligence.
 50573 | Abyss:3  | Mangled by a large abomination

Illustrated notes

Levels and vault maps discovered:
D:1:      shiori_arrival_whats_in_store_for_you, layout_rooms,
          shapermc_ecumenical_altar_mp_highgroup
D:2:      layout_basic, uniq_jessica
D:3:      layout_basic, uniq_natasha
D:4:      cheibrodos_greedy_goblins, layout_basic, serial_forest,
          infiniplex_forest_clump_small, infiniplex_forest_clump_long,
          infiniplex_forest_end_2, infiniplex_forest_end_2,
          infiniplex_forest_lined_1, infiniplex_forest_lined_4_way,
          serial_bayou_crossing
D:5:      layout_basic, mainiacjoe_overflow_catwalk, minmay_temple_entry_mist,
          minmay_circle_x, uniq_pikel
D:6:      layout_loops_ring, hangedman_glass_teeth, kennysheep_minor_cross,
          minivault_1, roderic_lattice_a, kennysheep_cluttered_room,
          minmay_hollow_rounded_squares, uniq_menkaure
D:7:      minmay_inner_zag, layout_basic, gammafunk_temple_overflow_elements,
          serial_shops, nicolae_shop_bloodbath_and_beyond, shop, shop, shop,
          gammafunk_ghost_smash
D:8:      layout_basic, serial_shops, kennysheep_mini_moat, uniq_erica,
          uniq_joseph, uniq_grum
D:9:      layout_loops_ring, nicolae_overflow_squiral, minmay_fractal_squares_5
D:10:     layout_roguey, david_lair_shrubbed
D:11:     layout_layer_cave, roderic_roman_lattice, fedhas_altar_fruit_tree
D:12:     layout_gridville, david_orc_3, uniq_kirke
D:13:     layout_roguey, lightli_vaults_fourway_checkpoint, portal_ice_cave_rime
D:14:     layout_roguey, hangedman_ru_absence, gauntlet_entry_generic,
          uniq_josephine
D:15:     grunt_enter_depths_magical_seal, layout_small_grid,
          palyth_stone_intersect
Lair:1:   layout_small_grid, basic_altar
Lair:2:   layout_concentric_octagons, dummy_snake_entry,
          dreamdust_gnoll_shepherd, grunt_megastairs_3,
          infiniplex_staircase_pool
Lair:3:   layout_misc_corridors, minmay_shoals_entry_centaurs,
          lemuel_fruit_fields, grunt_megastairs_5, serial_bayou_shore_b
Lair:4:   onia_ninara_swampy_vault, layout_loops_ring,
          grunt_forest_small_clearing_treed, uniq_urug
Lair:5:   minmay_lair_end_enchanted_forest, layout_loops_ring,
          minmay_slime_entry_pillars, dpeg_oklob_1
Shoals:1: layout_shoals, nicolae_shoals_so_close
Shoals:2: layout_shoals, serial_shops, shop
Shoals:3: layout_shoals
Shoals:4: shoals_end_simple, layout_shoals, uniq_polyphemus
Snake:1:  layout_onion_interference, nicolae_snake_snakewalk
Snake:2:  nicolae_snake_shooting_gallery, layout_cave_town, basic_altar,
          hangedman_snake_sidewinding
Snake:3:  layout_gridlike, hellmonk_ghost_happy_afterlife,
          nicolae_snake_naga_rites
Snake:4:  snake_pit, layout_rooms, drop_trap, st_stairs_13, grunt_megastairs_1
Orc:1:    layout_caves
Orc:2:    st_orc_open, layout_diamond_mine
Elf:1:    layout_loops_cross, hangedman_elf_disciples, uniq_nikola,
          uniq_jorgrun, uniq_donald
Abyss:3:  base: Lair:1, hangedman_abyss_shoalhut, base: Lair:1,
          spicy_abyss_helpful_harpoons, evilmike_abyss_exit_kraken

Skill      XL: |  1  2  3  4  5  6  7  8  9 10 11 12 13 14 15 16 17 18 |
---------------+-------------------------------------------------------+-----
Fighting       | 4 5 7 8 9 10 12 13 14 15 16 18 20 21 | 21.2
Axes           | 4 5 6 7 8 9 10 12 13 14 16 18 20 21 22 | 22.6
Dodging        | 3 4 6 8 9 11 12 13 14 15 16 17 | 17.9
Armour         | 3 4 6 7 8 10 11 13 14 15 16 17 18 19 | 19.2
Evocations     | 2 5 6 8 9 11 | 11.8
Ranged Weapons | 3 |  3.0

Action                     |  1- 3 |  4- 6 |  7- 9 | 10-12 | 13-15 | 16-18 || total
---------------------------+-------+-------+-------+-------+-------+-------++-------
  Melee: Hand axe          |    70 |   127 |   100 |       |       |       ||   297
         Headbutt          |    10 |    22 |    47 |   142 |   289 |   269 ||   779
         Punch             |       |     1 |     2 |       |       |    16 ||    19
         Battleaxe         |       |       |   148 |   673 |  1329 |   223 ||  2373
         Scimitar          |       |       |       |       |    30 |       ||    30
         Broad axe         |       |       |       |       |       |   927 ||   927
   Fire: Shortbow          |       |       |       |       |       |    16 ||    16
  Throw: Stone             |     5 |       |       |       |       |       ||     5
         Dart              |       |     1 |       |       |       |       ||     1
 Invoke: Berserk           |     1 |     5 |     3 |    20 |    17 |    11 ||    57
         Trog's Hand       |     1 |       |     2 |     4 |     5 |     7 ||    19
         Brothers in Arms  |       |       |       |       |       |     4 ||     4
  Evoke: Wand              |       |       |       |       |     2 |       ||     2
         Box of beasts     |       |       |       |       |       |     1 ||     1
    Use: Scroll            |       |       |       |    13 |    18 |     4 ||    35
         Potion            |       |       |       |     1 |     1 |    12 ||    14
   Stab: Sleeping          |     1 |       |       |       |       |       ||     1
 Armour: Animal skin       |     6 |       |       |       |       |       ||     6
         Chain mail        |       |    37 |       |       |       |       ||    37
         Plate armour      |       |       |   129 |   308 |   557 |   489 ||  1483
  Dodge: Dodged            |    33 |    39 |   106 |   280 |   558 |   699 ||  1715
  Block: Other             |       |       |    33 |   123 |   270 |   176 ||   602
         Reflection        |       |       |       |     6 |     8 |    27 ||    41
